[Event "Elitserien 2019/2020, round 1-3"]
[Site "Uppsala University, Gamla torget, Uppsala, Sweden"]
[Date "2019.10.19"]
[Round "2.11"]
[White "Persson, Mats"]
[Black "Miezis, Normunds"]
[Result "1/2-1/2"]
[TimeControl "90 minutes for 40 moves + 30 minutes for the rest of the game + 30 seconds per move from move one."]
[WhiteTitle "FM"]
[BlackTitle "GM"]
[WhiteFideId "1708333"]
[BlackFideId "11600136"]
[WhiteElo "2283"]
[BlackElo "2486"]

1. d4 Nf6 2. Nf3 e6 3. g3 b5 4. Bg2 Bb7 5. O-O c5 6. c3 Na6 7. Bg5 Be7 8. Nbd2 O-O 9. e3 h6 10.
Bxf6 Bxf6 11. Ne1 Qb6 12. Bxb7 Qxb7 13. Qf3 d5 14. Nd3 b4 15. Nb3 cxd4 16. cxd4 Qb5 17. Qe2 Nc7 18. Rfc1 Ne8 19.
Rc5 Qb8 20. Rac1 Nd6 21. Nd2 a5 22. Qd1 a4 23. Qe2 Ra7 24. Nf4 Be7 25. R5c2 Rc8 26. Rxc8+ Nxc8 27. Nd3 Rc7 28. Qd1 Nb6 29.
b3 a3 30. Nf3 Qc8 31. Rxc7 Qxc7 32. Qd2 Qb7 33. Nfe1 Nc4 34. Qc2 Na5 35. Ne5 Bd6 36. N5d3 Qa6 37. Qd1 Qc6 38. Qd2 Qb5 39.
Qc2 g6 40. Kg2 Kg7 41. h4 Qb7 42. Kg1 Qb5 43. Kg2 Qc6 44. Qd2 Nc4 45. Qc2 Qb7 46. Kh2 Na5 47. Kg1 Nc6 48. Nf3 Na7 49.
Qd2 h5 50. Kg2 Nc6 51. Kh2 Qc7 52. Kg2 Qb7 53. Kh2 Qb6 54. Kg2 Qc7 55. Kh2 Na5 56. Kg2 Nc6 57. Qc2 Qb6 58. Qd2 Ne7 59.
Qc1 Nf5 60. Nfe5 Ne7 61. Nf3 Nc6 62. Qc2 Qb7 63. Qd2 Qc7 64. Qc2 Qb7 65. Qd2 Qc7 66. Qc2 1/2-1/2

[Event "Elitserien 2019/2020, round 1-3"]
[Site "Uppsala University, Gamla torget, Uppsala, Sweden"]
[Date "2019.10.19"]
[Round "2.12"]
[White "Norberg, Johan"]
[Black "Larsson, Victor"]
[Result "1-0"]
[TimeControl "90 minutes for 40 moves + 30 minutes for the rest of the game + 30 seconds per move from move one."]
[WhiteTitle "FM"]
[WhiteFideId "1707078"]
[BlackFideId "1707019"]
[WhiteElo "2315"]
[BlackElo "2201"]

1. e4 c5 2. Nf3 Nc6 3. d3 e6 4. Qe2 d6 5. g3 g6 6. Bg2 Bg7 7. O-O Nge7 8. c3 O-O 9. Na3 b6 10.
Nc2 Ba6 11. Rb1 Rc8 12. b4 Ne5 13. Nxe5 dxe5 14. b5 Bb7 15. Na3 f5 16. Nc4 Qc7 17. Re1 Rcd8 18. a4 f4 19. Ba3 Kh8 20.
Rbd1 g5 21. Qh5 Bf6 22. Bh3 Bc8 23.
Kh1 Ng6 24. Bc1 Bd7 25. Qe2 Bg7 26. Bg4 Bc8 27. Bh5 Qf7 28. Ba3 Qf6 29. a5 Bd7 30. axb6 axb6 31. Nxb6 Bxb5 32. Bxc5 Rf7 33.
Nc4 Rc8 34. Bb4 Bxc4 35. dxc4 Rfc7 36. c5 Bf8 37. Rd6 Bxd6 38. cxd6 Rc6 39. Rd1 Nf8 40. d7 Rd8 41. Qb5 Rc7 42. Bd6 Rcxd7 43. Bxe5 Rxd1+ 44. Kg2 Kg7 45.
Bxf6+ Kxf6 46. Bxd1 Rxd1 47. h4 h6 48. Qe8 Ng6 49. h5 Ne7 50. Qh8+ Kf7 51. Qh7+ Ke8 52.
Qxh6 fxg3 53. fxg3 g4 54. Qxe6 1-0

[Event "Elitserien 2019/2020, round 1-3"]
[Site "Uppsala University, Gamla torget, Uppsala, Sweden"]
[Date "2019.10.19"]
[Round "2.13"]
[White "Haitin, Ilja"]
[Black "Landgren, Andreas"]
[Result "1-0"]
[TimeControl "90 minutes for 40 moves + 30 minutes for the rest of the game + 30 seconds per move from move one."]
[WhiteTitle "FM"]
[BlackTitle "FM"]
[WhiteFideId "4501764"]
[BlackFideId "1704311"]
[WhiteElo "2324"]
[BlackElo "2255"]

1. e4 e6 2. d4 d5 3. e5 c5 4. c3 Qb6 5. Bd3 Nc6 6. Ne2 Bd7 7. Bc2 Rc8 8. O-O cxd4 9. cxd4 f6 10.
Nbc3 fxe5 11. dxe5 Nxe5 12. Be3 Qc7 13. Rc1 Qb8 14. f4 Nc4 15. Bd4 Nxb2 16. Qe1 Bc5 17. Kh1 Nf6 18. Bxf6 gxf6 19.
Qh4 Be3 20. Rb1 Nc4 21. f5 Bg5 22. Qh5+ Ke7 23. fxe6 Bxe6 24. h4 Bf7 25. Qf3 Nd2 26. Nxd5+ Kf8 27. Qa3+ Kg8 28. Ne7+ Kg7 29.
hxg5 Nxf1 30. gxf6+ Kh6 31. Qh3+ Kg5 32. Rxf1 Bg6 33. Qe3+ Kh5 34. Ng3+ Kg4 35. Bd1+ Kh4 36. Nef5+ Bxf5 37.
Nxf5# 1-0

[Event "Elitserien 2019/2020, round 1-3"]
[Site "Uppsala University, Gamla torget, Uppsala, Sweden"]
[Date "2019.10.19"]
[Round "2.14"]
[White "Vaarala, Eric"]
[Black "Linusson, Pelle"]
[Result "0-1"]
[TimeControl "90 minutes for 40 moves + 30 minutes for the rest of the game + 30 seconds per move from move one."]
[WhiteFideId "1711962"]
[BlackFideId "1709062"]
[WhiteElo "2321"]
[BlackElo "2231"]

1. d4 Nf6 2. c4 g6 3. f3 Nc6 4. e4 e5 5. d5 Nd4 6. Nc3 Bc5 7. Nh3 d6 8. Nf2 Nh5 9. g3 a5 10.
Nd3 Bb6 11. Bg2 f5 12. Na4 Ba7 13. c5 fxe4 14. fxe4 O-O 15. Be3 Bd7 16. Rc1 Qe7 17. Bxd4 exd4 18. c6 bxc6 19. dxc6 Be6 20.
b3 Bd5 21. Qe2 Rae8 22. Rc2 Qd8 23. exd5 Rxe2+ 24. Rxe2 Qg5 25. Kd1 Nf6 26. Rhe1 Nxd5 27. Bxd5+ Qxd5 28. Rc2 Rf3 29. Nab2 Qf5 30.
Rd2 Bc5 31. Kc2 Qd5 32. Rde2 Re3 33. Nc4 Rxe2+ 34. Rxe2 Qxc6 35. a4 Bb4 36. Kb2 Qf3 37. Re8+ Kg7 38. Re7+ Kf8 0-1

[Event "Elitserien 2019/2020, round 1-3"]
[Site "Uppsala University, Gamla torget, Uppsala, Sweden"]
[Date "2019.10.19"]
[Round "2.15"]
[White "Andersson, Bjorn"]
[Black "Bergstrom, Peter"]
[Result "0-1"]
[TimeControl "90 minutes for 40 moves + 30 minutes for the rest of the game + 30 seconds per move from move one."]
[WhiteTitle "FM"]
[BlackTitle "FM"]
[WhiteFideId "1702114"]
[BlackFideId "1702467"]
[WhiteElo "2162"]
[BlackElo "2306"]

1. c4 c6 2. g3 d5 3. cxd5 cxd5 4. Bg2 Nf6 5. d3 Nc6 6. Nc3 e6 7. Bd2 Be7 8. Nf3 O-O 9. O-O b6 10.
Rc1 Bb7 11. d4 Ne4 12. Be3 f5 13. Qa4 a6 14. Bf4 Rc8 15. Ne5 Nxe5 16. Bxe5 Nd2 17. Rfd1 Nc4 18. Qb3 Nxe5 19. dxe5 b5 20.
e3 Rc4 21. Ne2 Qb8 22. f4 Rfc8 23. Qd3 Rxc1 24. Rxc1 Rxc1+ 25. Nxc1 Qc7 26. Qd2 a5 27. Nb3 b4 28. Nd4 Kf7 29.
h3 Bc5 30. Nf3 h6 31. g4 fxg4 32. hxg4 Bb6 33. Bf1 Qc8 34. Kf2 Ba6 35. Bh3 Qc4 36. f5 Qd3 37. Qxd3 Bxd3 38. Nd4 Bb1 39. Nxe6 Bxa2 40. Bg2 a4 41.
Nf4 a3 42. bxa3 bxa3 43. Nxd5 Ba5 44. e6+ Ke8 45. Nf4 Bxe6 46. fxe6 a2 47. Bc6+ Ke7 48. Bd5 a1=Q 49. Kf3 Kd6 50.
Bc4 Bd8 51. Nd3 Bg5 52. Nf2 Ke7 0-1

[Event "Elitserien 2019/2020, round 1-3"]
[Site "Uppsala University, Gamla torget, Uppsala, Sweden"]
[Date "2019.10.19"]
[Round "2.16"]
[White "Jonsson, Mikael"]
[Black "Fraenkel, Mikael"]
[Result "1/2-1/2"]
[TimeControl "90 minutes for 40 moves + 30 minutes for the rest of the game + 30 seconds per move from move one."]
[WhiteFideId "1702041"]
[BlackFideId "1706985"]
[WhiteElo "2252"]
[BlackElo "2040"]

1. d4 Nf6 2. c4 g6 3. Nc3 Bg7 4. Nf3 O-O 5. g3 d6 6. Bg2 Nbd7 7. O-O c5 8. d5 Nb6 9. Nd2 e5 10.
a3 Bd7 11. h3 Nh5 12. e4 Qe8 13. Kh2 f5 14. exf5 gxf5 15. Nb5 Bxb5 16. cxb5 Nf6 17. Qb3 Rd8 18. Nc4 Nc8 19. f4 e4 20.
Rd1 Kh8 21. Ne3 Qg6 22. Bd2 Nh5 23. Be1 Rg8 24. Bf2 Bh6 25. Qc3+ Rg7 26. Rg1 Nxg3 27. Qxg7+ Qxg7 28. Bxg3 Qxb2 29.
Nxf5 Bg7 30. Rab1 Qxa3 31. Nxg7 Kxg7 32. Bxe4 Kh8 33. Bh4 Rf8 34. Rg2 Qe3 35. Re1 Qxf4+ 36. Bg3 Qh6 37. Ree2 Ne7 38.
Be1 Qf4+ 39. Rg3 Ng6 40. Bxg6 hxg6 41. Bc3+ Kh7 42. Re7+ Rf7 43. Re8 g5 44. Rh8+ Kg6 45. Rg8+ Kh6 46.
h4 Qf2+ 47. Rg2 Qf4+ 48. Rg3 Qf2+ 49. Rg2 Qf4+ 1/2-1/2

[Event "Elitserien 2019/2020, round 1-3"]
[Site "Uppsala University, Gamla torget, Uppsala, Sweden"]
[Date "2019.10.19"]
[Round "2.17"]
[White "Sagit, Rauan"]
[Black "Heberla, Bartlomiej"]
[Result "0-1"]
[TimeControl "90 minutes for 40 moves + 30 minutes for the rest of the game + 30 seconds per move from move one."]
[WhiteTitle "IM"]
[BlackTitle "GM"]
[WhiteFideId "1708376"]
[BlackFideId "1115120"]
[WhiteElo "2443"]
[BlackElo "2552"]

1. Nf3 g6 2. d4 Bg7 3. g3 c5 4. dxc5 Qa5+ 5. Nbd2 Qxc5 6. Bg2 Nf6 7. O-O O-O 8. Nb3 Qc7 9. c3 Nc6 10.
Nbd4 d6 11. Nc2 Rd8 12. Nfd4 a6 13. Bg5 h6 14. Bd2 Na5 15. Na3 e5 16. Nb3 Nxb3 17. axb3 d5 18. Qc1 Kh7 19. c4 d4 20.
c5 Bg4 21. Re1 Rab8 22. b4 Be6 23. b5 Bd5 24. f3 axb5 25. Nxb5 Qc6 26. Na7 Qe6 27. Nb5 Qc6 28. Na7 Qe6 29.
b4 e4 30. Bf4 Ra8 31. Nb5 Ne8 32. Rxa8 Rxa8 33. Qd1 Bc6 34. Nxd4 Bxd4+ 35. Qxd4 exf3 36. Bf1 Nf6 37. Bd2 Rd8 38.
Qxd8 f2+ 39. Kxf2 Ng4+ 40. Kg1 Qe4 0-1

[Event "Elitserien 2019/2020, round 1-3"]
[Site "Uppsala University, Gamla torget, Uppsala, Sweden"]
[Date "2019.10.19"]
[Round "2.18"]
[White "Gajic, Mladen"]
[Black "Grigorov, Grigor"]
[Result "0-1"]
[TimeControl "90 minutes for 40 moves + 30 minutes for the rest of the game + 30 seconds per move from move one."]
[WhiteTitle "FM"]
[BlackTitle "GM"]
[WhiteFideId "1709178"]
[BlackFideId "2907313"]
[WhiteElo "2303"]
[BlackElo "2504"]

1. d4 Nf6 2. Bg5 e6 3. Nd2 c5 4. e3 d5 5. Ngf3 Nbd7 6. Bd3 Bd6 7. O-O O-O 8. Re1 e5 9. e4 cxd4 10.
exd5 Qc7 11. Bxf6 Nxf6 12. c3 dxc3 13. bxc3 Bg4 14. h3 Bh5 15. Qb3 Bxf3 16. Nxf3 Nd7 17. Qc2 g6 18. Rad1 Rac8 19.
Ng5 Nf6 20. Qb3 Kg7 21. Bf1 b6 22. Ba6 Rcd8 23. Bb5 h6 24. Ne4 Nxe4 25. Rxe4 f5 26. Rc4 Bc5 27. Bc6 e4 28. Re1 Rf7 29. a4 Qf4 30. Qc2 h5 31. a5 h4 32.
Rxc5 bxc5 33. a6 Re7 34. c4 Qe5 35. Qb3 f4 36. Rb1 e3 37. Qb2 Qxb2 0-1

[Event "Elitserien 2019/2020, round 1-3"]
[Site "Uppsala University, Gamla torget, Uppsala, Sweden"]
[Date "2019.10.19"]
[Round "2.19"]
[White "Suarez Garcia, Carlos"]
[Black "Gdanski, Jacek"]
[Result "0-1"]
[TimeControl "90 minutes for 40 moves + 30 minutes for the rest of the game + 30 seconds per move from move one."]
[WhiteTitle "IM"]
[BlackTitle "GM"]
[WhiteFideId "22230858"]
[BlackFideId "1100106"]
[WhiteElo "2437"]
[BlackElo "2476"]

1. Nf3 g6 2. d4 Bg7 3. c4 c5 4. Nc3 cxd4 5. Nxd4 Nc6 6. Nc2 Bxc3+ 7. bxc3 Qa5 8. e4 Nf6 9. f3 d6 10.
Rb1 O-O 11. Be2 Be6 12. O-O Rfc8 13. Bf4 Qa4 14. Nd4 Qxd1 15. Rfxd1 b6 16. Nxe6 fxe6 17. c5 bxc5 18. Rb7 Rab8 19.
Rdb1 Rxb7 20. Rxb7 Rb8 21. Rc7 Rb6 22. Bc4 Kf7 23. Bb3 Na5 24. Rxa7 Nxb3 25. axb3 e5 26. Bd2 Rxb3 27. Kf1 Rb2 28.
Ke1 g5 29. Kd1 Rb1+ 30. Bc1 g4 31. Ra8 gxf3 32. gxf3 Nd7 33. Rd8 Nf8 34. Kc2 Ra1 35. Kb2 Ra7 36. h4 Rd7 37. Ra8 Ne6 38.
Rh8 Kg7 39. Re8 Kg6 40. Rg8+ Kh5 41. Bg5 Nxg5 42. hxg5 e6 43. Kc2 Rf7 44. Rd8 Kxg5 45. Rxd6 Rxf3 46. Rxe6 Kf4 47. Rh6 c4 48.
Rxh7 Rf2+ 49. Kd1 Kxe4 50. Rh5 Rg2 51. Rh4+ Ke3 52. Rh3+ Kf4 53. Rh8 e4 54. Rf8+ Ke3 55. Rd8 Rg1+ 56.
Kc2 Ke2 57. Rd4 e3 58. Rxc4 Rg2 59. Rf4 Rf2 60. Rh4 Kf3+ 61. Kb3 e2 62. Rh3 Kf4 63. Rh4+ Ke3 64. Rh8 Rf4 65. Rh3 Kd2 66.
Rh2 Kd1 0-1

[Event "Elitserien 2019/2020, round 1-3"]
[Site "Uppsala University, Gamla torget, Uppsala, Sweden"]
[Date "2019.10.19"]
[Round "2.20"]
[White "Ornstein, Axel"]
[Black "Wedberg, Tom"]
[Result "1/2-1/2"]
[TimeControl "90 minutes for 40 moves + 30 minutes for the rest of the game + 30 seconds per move from move one."]
[WhiteTitle "IM"]
[BlackTitle "GM"]
[WhiteFideId "1700111"]
[BlackFideId "1700073"]
[WhiteElo "2297"]
[BlackElo "2414"]

1. d4 Nf6 2. Nf3 e6 3. c4 c5 4. e3 d5 5. Nc3 Nc6 6. a3 a6 7. dxc5 Bxc5 8. b4 Ba7 9. Bb2 O-O 10.
Qc2 Qe7 11. Rd1 Rd8 12. Be2 dxc4 13. Rxd8+ Nxd8 14. Bxc4 b5 15. Bd3 Bb7 1/2-1/2

[Event "Elitserien 2019/2020, round 1-3"]
[Site "Uppsala University, Gamla torget, Uppsala, Sweden"]
[Date "2019.10.19"]
[Round "2.21"]
[White "Bellon Lopez, Juan Manuel"]
[Black "Vernersson, Per"]
[Result "1-0"]
[TimeControl "90 minutes for 40 moves + 30 minutes for the rest of the game + 30 seconds per move from move one."]
[WhiteTitle "GM"]
[WhiteFideId "2200031"]
[BlackFideId "1700863"]
[WhiteElo "2334"]
[BlackElo "2275"]

1. e4 c6 2. Nc3 d5 3. Nf3 Bg4 4. h3 Bxf3 5. Qxf3 e6 6. g3 Nf6 7. Bg2 Nbd7 8. O-O dxe4 9. Nxe4 Nxe4 10.
Qxe4 Be7 11. d4 O-O 12. c3 Nf6 13. Qe2 Nd5 14. Rd1 Re8 15. c4 Nf6 16. b4 a6 17. Rb1 Qc7 18. a4 Rad8 19.
Bf4 Bd6 20. Bg5 Be7 21. Qf3 e5 22. Be3 exd4 23. Rxd4 Rxd4 24. Bxd4 Rd8 25. Qe3 Qd7 26. Bb6 Re8 27. b5 axb5 28.
axb5 Bd8 29. bxc6 bxc6 30. Qd4 Bxb6 31. Qxb6 Rc8 32. Qb7 Kf8 33. Qb4+ Qe7 34. Qb7 Qd7 35. Qb4+ Qe7 36. Qa4 c5 37.
Bf3 Rd8 38. Qc6 Qd6 39. Qxd6+ Rxd6 40. Rb5 Nd7 41. Bg4 Ke7 42. Bxd7 Kxd7 43. Rxc5 Rd1+ 44. Kg2 Rc1 45. Kf3 Kd6 46.
Rd5+ Kc6 47. Rd4 Ra1 48. Ke4 Ra7 49. Rd5 Re7+ 50. Kd4 Re2 51. Rc5+ Kd6 52. Rf5 f6 53. g4 Rd2+ 54. Ke3 Ra2 55.
Rd5+ Kc6 56. h4 Rc2 57. Rd4 Rc3+ 58. Ke4 Rc2 59. f3 Rh2 60. h5 g6 61. hxg6 hxg6 62. Rd8 Re2+ 63. Kf4 Re5 64.
Kg3 g5 65. Rf8 Re6 66. f4 Kd7 67. fxg5 fxg5 68. c5 Re3+ 69. Rf3 Re7 70. Rf5 Rg7 71. Kf3 Kc6 72. Ke4 Rg8 73. Re5 Kd5+ 1-0

[Event "Elitserien 2019/2020, round 1-3"]
[Site "Uppsala University, Gamla torget, Uppsala, Sweden"]
[Date "2019.10.19"]
[Round "2.22"]
[White "Thornert, Hakan"]
[Black "Cramling, Dan"]
[Result "0-1"]
[TimeControl "90 minutes for 40 moves + 30 minutes for the rest of the game + 30 seconds per move from move one."]
[BlackTitle "IM"]
[WhiteFideId "1703749"]
[BlackFideId "1700162"]
[WhiteElo "2183"]
[BlackElo "2322"]

1. e4 g6 2. d4 Bg7 3. Nc3 d6 4. Be3 a6 5. a4 b6 6. f4 c5 7. Nf3 Nc6 8. Be2 Bg4 9. d5 Bxf3 10.
Bxf3 Nd4 11. O-O b5 12. Qd2 b4 13. Nd1 Nxf3+ 14. Rxf3 Nf6 15. Nf2 Nd7 16. Rb1 O-O 17. b3 f5 18.
Rd1 Qc7 19. exf5 Rxf5 20. g4 Bc3 21. Qe2 Rf7 22. Ne4 Bf6 23. h4 Qb7 24. h5 gxh5 25. g5 Bd4 26. Bxd4 cxd4 27. Qd3 Qxd5 28. Qxd4 Qxd4+ 29. Rxd4 a5 30.
Rf2 Raf8 31. Kg2 Kg7 32. Kg3 Rf5 33. Nd2 Nc5 34. Re2 R8f7 35. Nc4 Nd7 36. Ne3 Rc5 37. Nd5 e5 38. fxe5 dxe5 39.
Rd3 e4 40. Rxe4 Rxc2 41. Re8 Rc1 42. Nf4 h4+ 43. Kg4 Rg1+ 44. Kh5 Nf8 45. Nh3 Rg3 46. Rxg3 hxg3 47. Kg4 Rc7 48. Re5 Rc3 49.
Rxa5 g2 50. Ra7+ Kg8 51. Ng1 Rxb3 52. Rb7 Rb1 53. Nf3 Rf1 54. Kg3 Rxf3+ 55. Kxg2 Rf5 56. Rxb4 Rxg5+ 57. Kf3 Ra5 58. Rg4+ Ng6 59.
Ke3 Kf7 60. Kd2 h5 0-1

[Event "Elitserien 2019/2020, round 1-3"]
[Site "Uppsala University, Gamla torget, Uppsala, Sweden"]
[Date "2019.10.19"]
[Round "2.23"]
[White "Moreau, Teodor"]
[Black "Rothen, Hakan"]
[Result "1-0"]
[TimeControl "90 minutes for 40 moves + 30 minutes for the rest of the game + 30 seconds per move from move one."]
[WhiteTitle "FM"]
[BlackTitle "FM"]
[WhiteFideId "1701177"]
[BlackFideId "1700723"]
[WhiteElo "2339"]
[BlackElo "2251"]

1. d4 Nf6 2. c4 e6 3. Nf3 Bb4+ 4. Bd2 Bxd2+ 5. Nbxd2 d6 6. g3 Nc6 7. Bg2 e5 8. d5 Ne7 9.
e4 O-O 10. O-O Bg4 11. Qc2 Nd7 12. Nh4 f6 13. b4 c5 14. f3 Bh5 15. a3 cxb4 16. axb4 Qb6+ 17. Kh1 Rfc8 18. Bh3 Rc7 19. Rfb1 Qf2 20. Qd3 g5 21.
Ng2 Rd8 22. c5 dxc5 23. d6 Nf8 24. Rf1 1-0

[Event "Elitserien 2019/2020, round 1-3"]
[Site "Uppsala University, Gamla torget, Uppsala, Sweden"]
[Date "2019.10.19"]
[Round "2.24"]
[White "Malesevic, Nedeljko"]
[Black "Grandell, Anders"]
[Result "0-1"]
[TimeControl "90 minutes for 40 moves + 30 minutes for the rest of the game + 30 seconds per move from move one."]
[WhiteTitle "FM"]
[BlackTitle "FM"]
[WhiteFideId "1703447"]
[BlackFideId "1709771"]
[WhiteElo "2251"]
[BlackElo "2289"]

1. d4 Nf6 2. c4 c5 3. d5 b5 4. cxb5 a6 5. bxa6 Bxa6 6. Nc3 g6 7. h4 Bg7 8. Nh3 d6 9. Nf4 h5 10.
g3 Nbd7 11. Bh3 O-O 12. Nd3 Qa5 13. O-O Rfb8 14. f4 Ng4 15. Bxg4 hxg4 16. Qc2 Bd4+ 17. Nf2 Nf6 18. Rd1 Bc8 19.
Bd2 Nh5 20. Kg2 Qb6 21. e3 Bg7 22. Rab1 f5 23. b3 Qb7 24. Kh2 Nf6 25. Be1 Bd7 26. a4 Ra6 27. e4 fxe4 28. Nfxe4 Bf5 29.
Nxf6+ Bxf6 30. Ne4 Bd4 31. Qe2 Ra7 32. Nc3 Bxb1 33. Qe6+ Kg7 34. Rxb1 Qd7 35. Nb5 Qxe6 36. dxe6 Rxb5 37.
axb5 Rb7 38. Rd1 Rxb5 39. b4 Kf6 40. Kg2 Kxe6 41. bxc5 dxc5 42. Rd2 Kd5 43. Kf1 Rb1 44. Ke2 Ke4 45.
Rc2 Rb2 46. Kd2 Rxc2+ 47. Kxc2 e6 48. Ba5 c4 49. Bc7 Kf3 50. Kd2 Bf2 0-1

[Event "Elitserien 2019/2020, round 1-3"]
[Site "Uppsala University, Gamla torget, Uppsala, Sweden"]
[Date "2019.10.19"]
[Round "2.25"]
[White "Urkedal, Frode Olav Olsen"]
[Black "Haldorsen, Benjamin"]
[Result "1/2-1/2"]
[TimeControl "90 minutes for 40 moves + 30 minutes for the rest of the game + 30 seconds per move from move one."]
[WhiteTitle "GM"]
[BlackTitle "IM"]
[WhiteFideId "1506102"]
[BlackFideId "1512633"]
[WhiteElo "2550"]
[BlackElo "2440"]

1. d4 Nf6 2. c4 e6 3. Nc3 Bb4 4. Nf3 O-O 5. e3 d5 6. Bd2 b6 7. cxd5 exd5 8. Bd3 Bb7 9. Rc1 a6 10.
O-O Bd6 11. Ne5 c5 12. Be1 Nc6 13. f4 cxd4 14. Nxc6 Bxc6 15. exd4 Bb7 16. Bh4 Be7 17. f5 Re8 18. Kh1 Rc8 19. Qf3 b5 20. Rce1 Qb6 21. Bf2 Bd6 22. Bb1 Bc6 23. Qd1 Rxe1 24. Rxe1 Re8 25. Rxe8+ Bxe8 26.
Bh4 b4 27. Bxf6 gxf6 28. Nxd5 Qd8 29. Qg4+ Kh8 30. Qh4 Kg7 31. Be4 Bb5 32. b3 a5 33. g3 a4 34. Kg2 axb3 35. axb3 Be2 36. Bf3 Bd3 37. g4 h6 38.
Qe1 Qa5 39. Qd2 Ba6 40. Qf2 Qa3 41. Qc2 Qa1 42. Ne3 Qxd4 43. Nc4 Bc5 44. Kh3 Bb5 45. Be4 Qg1 46. Qd3 Bd4 47. Qg3 Qc1 48.
Bd5 Qf1+ 49. Qg2 Qd3+ 50. Qf3 Qxf3+ 51. Bxf3 Bxc4 1/2-1/2

[Event "Elitserien 2019/2020, round 1-3"]
[Site "Uppsala University, Gamla torget, Uppsala, Sweden"]
[Date "2019.10.19"]
[Round "2.26"]
[White "Ahlander, Bjorn"]
[Black "Degerman, Lars"]
[Result "1-0"]
[TimeControl "90 minutes for 40 moves + 30 minutes for the rest of the game + 30 seconds per move from move one."]
[WhiteTitle "IM"]
[BlackTitle "IM"]
[WhiteFideId "1700251"]
[BlackFideId "1700227"]
[WhiteElo "2395"]
[BlackElo "2446"]

1. d4 Nf6 2. c4 g6 3. Nc3 d5 4. Bg5 Ne4 5. Bh4 Nxc3 6. bxc3 dxc4 7. e3 Be6 8. Nf3 Bg7 9. Be2 O-O 10.
O-O c5 11. Rb1 cxd4 12. Nxd4 Bd5 13. Qc2 Qc7 14. e4 Bc6 15. Bxc4 e5 16. Nxc6 Nxc6 17. Rfd1 Rac8 18. Qa4 Rfe8 19.
Bd5 Bf8 20. Rd3 Be7 21. Bg3 Bc5 22. Rbd1 Bb6 23. Bh4 Nb8 24. Bg5 Kg7 25. Rf3 Rf8 26. Bf6+ Kg8 27. Qa3 Bc5 28. Qc1 Be7 29.
Rdd3 Bxf6 30. Rxf6 Nd7 31. Rff3 Qb6 32. Bxf7+ Rxf7 33. Rxf7 Kxf7 34. Rxd7+ Kg8 35. Qd1 Qe6 36. h3 Rf8 37.
Rxb7 Qxa2 38. Qd5+ Qxd5 39. exd5 Rc8 40. d6 Rd8 41. d7 Kf7 42. Rxa7 Ke7 43. Kf1 Rb8 44. d8=Q+ 1-0

[Event "Elitserien 2019/2020, round 1-3"]
[Site "Uppsala University, Gamla torget, Uppsala, Sweden"]
[Date "2019.10.19"]
[Round "2.27"]
[White "Livner, Anders"]
[Black "Hillarp Persson, Tiger"]
[Result "1/2-1/2"]
[TimeControl "90 minutes for 40 moves + 30 minutes for the rest of the game + 30 seconds per move from move one."]
[WhiteTitle "FM"]
[BlackTitle "GM"]
[WhiteFideId "1704150"]
[WhiteElo "2356"]
[BlackElo "2558"]

1. Nf3 Nf6 2. c4 g6 3. b4 e6 4. Qb3 Nc6 5. b5 Na5 6. Qc3 c5 7. Bb2 Bg7 8. d3 b6 9. Nbd2 d5 10.
e3 O-O 11. Be2 a6 12. a4 Nb7 13. O-O Nd6 14. Qc2 Bb7 15. Ne5 Qc7 16. Bf3 axb5 17. axb5 Nd7 18. Nxd7 Qxd7 19. Bxg7 Kxg7 20.
Qc3+ f6 21. Rfd1 Nf5 22. Qb2 Nh4 23. d4 Rxa1 24. Qxa1 Ra8 25. Qc3 Nxf3+ 26. Nxf3 dxc4 27. Qxc4 Rd8 28. Ra1 Bxf3 29. gxf3 cxd4 30.
exd4 Rc8 31. Ra7 Qxa7 32. Qxc8 Qa1+ 33. Kg2 Qxd4 34. Qxe6 g5 1/2-1/2

[Event "Elitserien 2019/2020, round 1-3"]
[Site "Uppsala University, Gamla torget, Uppsala, Sweden"]
[Date "2019.10.19"]
[Round "2.28"]
[White "Antonsen, Mikkel"]
[Black "Lundin, Jan"]
[Result "1/2-1/2"]
[TimeControl "90 minutes for 40 moves + 30 minutes for the rest of the game + 30 seconds per move from move one."]
[WhiteTitle "IM"]
[BlackTitle "FM"]
[WhiteFideId "1401378"]
[BlackFideId "1706896"]
[WhiteElo "2388"]
[BlackElo "2291"]

1. c4 e5 2. Nc3 Nc6 3. Nf3 Nf6 4. e4 d6 5. d4 Bg4 6. d5 Nd4 7. Be3 g6 8. Bxd4 exd4 9. Qxd4 Bxf3 10.
gxf3 Bg7 11. Qd2 O-O 12. Ne2 Nd7 13. Bg2 Ne5 14. Rc1 Qh4 15. f4 Ng4 16. Ng3 Rfe8 17. c5 Bh6 18. cxd6 cxd6 19.
Rc7 Nf6 20. O-O Bxf4 21. Qc3 Re5 22. h3 Kg7 23. Qf3 Rg5 24. Rxb7 Rc8 25. Rb4 Rc2 26. e5 dxe5 27. d6 Rd2 28.
Rb7 Rxd6 29. Qb3 1/2-1/2

[Event "Elitserien 2019/2020, round 1-3"]
[Site "Uppsala University, Gamla torget, Uppsala, Sweden"]
[Date "2019.10.19"]
[Round "2.29"]
[White "Ong, Kezli"]
[Black "Mauritsson, Sebastian"]
[Result "0-1"]
[TimeControl "90 minutes for 40 moves + 30 minutes for the rest of the game + 30 seconds per move from move one."]
[BlackTitle "FM"]
[WhiteFideId "1706500"]
[BlackFideId "1707892"]
[WhiteElo "2314"]
[BlackElo "2339"]

1. e4 c5 2. Nf3 d6 3. Bb5+ Nd7 4. O-O a6 5. Bd3 Ngf6 6. c3 b5 7. Bc2 c4 8. d4 cxd3 9. Qxd3 e6 10.
Bf4 e5 11. Bg3 Be7 12. Nbd2 O-O 13. Qe2 Bb7 14. a4 Qb6 15. b4 Rac8 16. Ra3 Rfe8 17. axb5 axb5 18. Bd3 Bc6 19. Rfa1 Bf8 20.
Ra6 Qb7 21. Ra7 Qb6 22. R1a6 Qd8 23. Bxb5 Bxb5 24. Qxb5 Rxc3 25. h3 Qc8 26. Kh2 Rc1 27. Qa4 Qc2 28. Qxc2 Rxc2 29. Rb7 d5 30. Nb3 dxe4 31. Nfd2 Rb8 32.
Rxb8 Nxb8 33. Ra8 Nfd7 34. Nxe4 Rc4 35. Nec5 Rxb4 36. Nxd7 Nxd7 37. Nc1 f6 38. Rd8 Rb7 39. f3 Kf7 40.
Ne2 Bc5 41. Nc3 Bb6 42. Rc8 f5 43. Nb5 Bc5 44. Nc3 Bd4 45. Ne2 Be3 46. Nc3 Bd4 47. Ne2 Bb6 48. Rc6 Rc7 49. Rd6 Bc5 50.
Ra6 Rb7 51. Rc6 Rb2 52. Nc3 Rb6 53. Rc7 Ke6 54. Na4 Rb5 55. Bxe5 Kxe5 56. Rxd7 Bd4 57. Rc7 Kd6 58. Rc1 Rb3 59.
Rc2 Kd5 60. Rc8 Ra3 61. Rd8+ Kc4 62. Rc8+ Kb4 63. Rf8 Be5+ 64. g3 Ra2+ 65. Kg1 Rxa4 66. Rxf5 Bd4+ 67. Kf1 Kc3 68. Rb5 Ra1+ 69.
Ke2 Ra2+ 70. Ke1 Rh2 71. h4 h6 72. h5 Bf2+ 73. Ke2 Bxg3+ 74. Ke3 Kc4 75. Rf5 Rh4 76. f4 Be1 77. Ke4 Bc3 78. Ke3 Rh1 79. Ke4 Re1 80. Kf3 Bf6 81.
Ra5 Ra1 82. Rf5 Kd4 83. Rb5 Rc1 84. Rb4+ Rc4 85. Rb6 Kd5 86. Ra6 Rc6 87. Ra5+ Ke6 88. Kg4 Bc3 89. Rb5 Bd4 90. Ra5 Bc5 91.
Ra4 Bd6 92. Rd4 Rb6 93. Re4+ Kf6 94. Rd4 Be7 95. Rc4 Rd6 96. Ra4 Rd1 97. Ra5 Rg1+ 98. Kf3 Bd6 99. Ra6 Ke6 100. Kf2 Rg4 101.
Ke3 Rh4 102. Ra5 0-1